 Dungeon Crawl Stone Soup version 0.20-a0-960-ge493e74 (webtiles) character file.

70352 Iskender the Impaler (level 14, -7/101 HPs)
             Began as a Mummy Chaos Knight on Apr 7, 2017.
             Killed from afar by a deep elf mage (44 damage)
             ... with a bolt of lightning
             ... on level 14 of the Dungeon.
             The game lasted 03:17:02 (22483 turns).

Iskender the Impaler (Mummy Chaos Knight)          Turns: 22483, Time: 03:17:03

Health: -7/101     AC: 26    Str: 17    XL:     14   Next: 93%
Magic:  22/22      EV:  7    Int: 12    God:    Xom [.*....]
Gold:   1058       SH:  6    Dex: 14    Spells: 12/13 levels left

rFire    . . .     SeeInvis .   a - +2 halberd (flame)
rCold    + + .     Gourm    .   (shield currently unavailable)
rNeg     + + +     Faith    .   h - +8 chain mail of Gesk {rC+ Regen+}
rPois    ∞         Spirit   .   (no helmet)
rElec    .         Reflect  +   c - +2 cloak
rCorr    .         Harm     .   g - +0 pair of gloves
MR       +....                  j - +1 pair of boots
Stlth    ..........             t - +6 amulet of reflection
Regen    0.7/turn               f - ring of protection from fire
MPRegen  0.2/turn               (no ring)

@: no status effects
A: no food or potions, fire vulnerability, cold resistance 1, negative energy
resistance 3, torment resistance, unbreathing, in touch with death 1
a: Renounce Religion


You were on level 14 of the Dungeon.
You worshipped Xom.
You were a plaything of Xom.
You were not hungry.

You visited 3 branches of the dungeon, and saw 21 of its levels.
You also visited: Labyrinth, Ossuary and Volcano.

You collected 1415 gold pieces.
You spent 357 gold pieces at shops.

Inventory:

Hand Weapons
 a - a +2 halberd of flaming (weapon)
 b - a +0 shortbow of freezing
 s - a +3 longbow of flaming
 A - a +0 glaive
 O - a +0 lajatang
 S - the +4 dagger of Tehatyuv {flame, rPois rF+ Int+4}
   (You found it on level 5 of the Lair of Beasts)

   It has been specially enchanted to burn those struck by it, causing extra
   injury to most foes and up to half again as much damage against particularly
   susceptible opponents.
   It affects your intelligence (+4).
   It protects you from fire.
   It protects you from poison.
 W - a +2 halberd of distortion
Missiles
 l - 251 arrows
 y - 14 tomahawks (quivered)
 R - 3 curare-tipped needles
Armour
 c - a +2 cloak (worn)
 g - a +0 pair of gloves (worn)
 h - the +8 chain mail of Gesk (worn) {rC+ Regen+}
   (You found it on level 5 of the Dungeon)

   It protects you from cold.
   It increases your rate of regeneration.
 j - a +1 pair of boots (worn)
 L - a +3 leather armour of fire resistance
Magical Staves
 F - an uncursed staff of fire
Jewellery
 f - a ring of protection from fire (left hand)
 t - a +6 amulet of reflection (around neck)
 v - an uncursed ring of stealth
 w - an uncursed ring of wizardry
 z - an uncursed ring of magical power
 E - an uncursed amulet of faith
 H - an uncursed ring of stealth
 I - an uncursed ring of resist corrosion
Wands
 d - a wand of flame (32/48)
 e - a wand of disintegration (10/24)
 p - a wand of polymorph (4/24)
 r - a wand of digging (9/24)
 D - a wand of digging (13/24)
 J - a wand of acid (5/15)
 K - a wand of confusion (22/48)
 M - a wand of lightning (3/15)
 N - a wand of scattershot (4/9)
 P - a wand of polymorph (9/24)
 Q - a wand of flame (5/48)
 T - a wand of iceblast (5/15)
 V - a wand of polymorph (13/24)
Scrolls
 i - 5 scrolls of recharging
 k - 2 scrolls of identify
 n - 7 scrolls of remove curse
 o - 2 scrolls of enchant weapon
 q - 2 scrolls of vulnerability
 u - 2 scrolls of enchant armour
 x - a scroll of summoning
 B - 3 scrolls of fog
 C - 4 scrolls of teleportation
 U - a scroll of blinking
Miscellaneous
 m - a lightning rod (inert)
 G - a phantom mirror


   Skills:
 - Level 6.4 Fighting
 - Level 16.4 Polearms
 - Level 8.3 Armour
 - Level 0.7 Dodging
 - Level 3.3 Stealth
 + Level 11.1 Evocations


You had 12 spell levels left.
You knew the following spells:

 Your Spells              Type           Power        Failure   Level  Hunger
n - Animate Skeleton      Necr           N/A          100%        1    N/A

Dungeon Overview and Level Annotations

Branches:
Dungeon (14/15)            Temple (1/1) D:5           Swamp (0/4) Lair:2
 Spider (0/4) Lair:3        Slime (0/5) Lair:5          Orc (0/2) D:11
   Lair: D:8-11      Vaults: D:13-14

Altars:
Ashenzari
Cheibriados
Dithmenos
Elyvilon
Fedhas
Gozag
Hepliaklqana
Kikubaaqudgha
Makhleb
Nemelex Xobeh
Okawaru
Qazlal
Ru
Sif Muna
Trog
Uskayaw
Vehumet
Wu Jian
Xom
Yredelemnul
Zin
The Shining One
Beogh

Shops:
D:9 *   D:12 [

Annotations:
D:3 1 runed door


Innate Abilities, Weirdness & Mutations

You do not eat or drink.
Your flesh is vulnerable to fire.
You are immune to poison.
Your flesh is cold resistant. (rC+)
You are immune to negative energy. (rN+++)
You are immune to unholy pain and torment.
You can survive without breathing.
You are in touch with the powers of death.


Message History

g - Guard the area. f - Follow me.
Anything else - Cancel.
Gang up on whom?
Press: ? - help, Dir - move target cursor, f - you
Okay, then.
What are your orders? t - Shout!
Orders for allies: a - Attack new target. r - Retreat! s - Stop attacking. g - Guard the area. f - Follow me.
Anything else - Cancel.
Gang up on whom?
Press: ? - help, Dir - move target cursor, f - deep elf mage
Aim: a deep elf mage, wielding a dagger and wearing a runed chain mail Attack!
The deep elf mage points at you and mumbles some strange words.
The bolt of lightning hits your long sword.
Your long sword completely resists.
The bolt of lightning hits you!
You die...

#########...# ###
........#.#.# #.##
....###.#.#.# #.. ....#
#.....# #.# ....#
###.########.#####..
....###....!..............
.>........########.#....≈.
.<...<....#.######.# ..≈§≈
..≈§......#..e(.@..# ..§≈
..≈.....≈.#..####### ...
..≈.#######.. .. ....# #..
. )...# #.e ....# #..
.#### #.. .#### ...
....#####.


You could see a deep elf mage and a friendly long sword.

Vanquished Creatures
  Nessos (Lair:6)
  Josephine (D:10)
  A minotaur (Lab)
  Harold (Lair:1)
  5 hydras
  3 centaur warriors
  The ghost of dricus the Severer, a novice MiBe of Trog (D:13)
  2 two-headed ogres
  A death drake (D:13)
  A swamp dragon (D:12)
  An unseen horror (shapeshifter) (D:14)
  A wolf spider zombie (D:13)
  An orb spider (D:4)
  An ugly thing (D:13)
  A cyclops (D:12)
  2 centaur zombies (D:10)
  16 elephants
  A guardian serpent (Lair:6)
  A black mamba (Lair:3)
  5 torpor snails
  Psyche (D:12)
  5 gargoyles
  15 spiny frogs
  A kobold demonologist (D:13)
  3 komodo dragons
  An efreet (Volcano)
  2 rime drakes (Lair:6)
  A queen bee (D:13)
  A troll (D:9)
  3 polar bears (Lair:6)
  A merfolk (D:9)
  7 hornets
  10 hippogriffs
  8 dream sheep (Lair:6)
  11 blink frogs
  15 spriggans (Lair:6)
  A shadow (Lab)
  3 wraiths
  3 redbacks
  4 basilisks
  A vampire (D:13)
  6 wyverns
  42 yaks
  Eustachio (D:6)
  10 fire bats
  A steam dragon (D:8)
  10 hungry ghosts (Lab)
  A warg (D:11)
  4 vampire mosquitoes (Lair:2)
  A naga (Volcano)
  2 soldier ants
  A spatial vortex (D:13)
  2 hell hounds (D:10)
  11 water moccasins
  7 porcupines
  A swamp drake (Volcano)
  A sky beast (D:11)
  10 ice beasts
  8 orc warriors
  5 black bears
  A boggart (shapeshifter) (Lair:6)
  An eye of draining (D:13)
  A necrophage (D:11)
  The ghost of Denreik the Sneak, an amateur FoAK of Lugonu (D:4)
  42 wolves
  3 boggarts (Lair:6)
  10 crocodiles
  5 ogres
  18 centaurs
  15 bullfrogs
  An earth elemental (Volcano)
  2 wyvern skeletons
  4 water moccasin zombies (Ossuary)
  2 scorpions
  The ghost of Denreik the Sneak, a weakling FoAK of Lugonu (D:9)
  3 wights (D:9)
  An electric eel (D:9)
  4 howler monkeys
  2 bullfrog zombies (D:11)
  7 crimson imps
  A jelly (shapeshifter) (Lair:6)
  8 lava snakes
  5 hounds
  2 bullfrog skeletons
  11 orc priests
  3 centaur skeletons
  4 iguanas
  Terence (D:6)
  14 orc wizards
  7 worker ants
  A big kobold zombie (Ossuary)
  A centaur simulacrum (D:9)
  A hound zombie (D:10)
  2 hound skeletons
  2 mummies (Ossuary)
  A howler monkey zombie (D:11)
  A worker ant zombie (D:8)
  A river rat (D:6)
  11 adders
  3 gnolls (D:9)
  5 shadow imps
  2 white imps (D:9)
  An ufetubus (D:9)
  5 oozes
  3 adder zombies
  3 adder skeletons
  2 worms
  The ghost of Denreik the Skirmisher, a weakling FoAK of Lugonu (D:3)
  A dart slug (D:1)
  5 leopard geckos
  72 orcs
  7 giant cockroaches
  3 gnoll zombies (Ossuary)
  5 goblins
  6 hobgoblins
  9 jackals
  10 kobolds
  4 quokkas
  A ball python (D:1)
  8 bats
  3 frilled lizards
  3 hobgoblin zombies (Ossuary)
  A jackal zombie (D:6)
  3 kobold zombies (Ossuary)
  5 orc zombies (Ossuary)
  2 quokka simulacra (D:9)
  2 quokka skeletons
  10 rats
  A fungus (Lair:6)
  A plant (Lair:6)
656 creatures vanquished.

Vanquished Creatures (collateral kills)
  Frances (D:13)
  A hydra (Lair:6)
  A deep elf mage (D:14)
  A manticore (D:13)
  An elephant (Lair:5)
  A blink frog (Lair:6)
  3 yaks (Lair:6)
  A water moccasin (Lair:6)
  2 phantoms (D:4)
  A wolf (Lair:5)
  A crocodile (Lair:6)
  A bullfrog (Lair:5)
  2 orc wizards
  3 orcs
  A kobold (D:2)
  A fungus (Lair:5)
22 creatures vanquished.

Vanquished Creatures (others)
  A spiny frog (Lair:3)
  4 yaks (Lair:4)
  A wolf (Lair:3)
  2 centaurs (D:13)
  A lava snake (Volcano)
  2 orcs (D:10)
  A bat (D:2)
  A bush (Lair:6)
  9 fungi
  9 plants
31 creatures vanquished.

Grand Total: 709 creatures vanquished

Notes
Turn   | Place    | Note
-------+----------+-------------------------------------------
     0 | D:1      | Iskender the Mummy Chaos Knight began the quest for the Orb.
     0 | D:1      | Reached XP level 1. HP: 18/18 MP: 1/1
   251 | D:1      | Reached XP level 2. HP: 24/24 MP: 2/2
   307 | D:1      | Reached skill level 3 in Polearms
   428 | D:1      | XOM: silly message
   475 | D:1      | XOM: harmless Tloc miscast
   700 | D:1      | Reached XP level 3. HP: 26/29 MP: 3/3
   801 | D:2      | XOM: mild Chrm miscast
   980 | D:2      | Reached skill level 1 in Stealth
  1233 | D:2      | Reached XP level 4. HP: 35/35 MP: 4/4
  1264 | D:2      | XOM: summons 2 hostile demons
  1372 | D:2      | Found a white marble altar of Elyvilon.
  1446 | D:2      | XOM: harmless Ice miscast
  1638 | D:3      | Noticed Terence
  1879 | D:3      | Noticed Denreik's ghost (weakling FoAK)
  1881 | D:3      | Killed Denreik's ghost
  1955 | D:3      | XOM: noise
  2020 | D:3      | XOM: 5-stop teleportation journey
  2028 | D:3      | XOM: cast spell 'Chain of Chaos'
  2067 | D:2      | XOM: harmless Summ miscast
  2161 | D:3      | XOM: snakes to sticks
  2225 | D:2      | XOM: medium Conj miscast
  2433 | D:3      | XOM: noise
  2437 | D:3      | XOM: enchant monster (bad)
  2440 | D:3      | XOM: summons 3 friendly demons
  2445 | D:3      | Reached skill level 4 in Polearms
  2448 | D:3      | Reached XP level 5. HP: 29/41 MP: 5/5
  2532 | D:3      | XOM: enchant monster (good)
  2688 | D:3      | Found a glowing silver altar of Zin.
  2689 | D:3      | Noticed an angel
  2689 | D:3      | Found a runed door.
  2701 | D:3      | XOM: medium Erth miscast
  2775 | D:4      | Noticed a phantom
  2833 | D:4      | Noticed an ogre
  2995 | D:4      | XOM: 1-stop teleportation journey
  3029 | D:4      | Reached skill level 5 in Polearms
  3060 | D:4      | Noticed a phantom
  3062 | D:4      | XOM: destruction
  3064 | D:4      | XOM: summons friendly ufetubus
  3068 | D:4      | XOM: destruction
  3071 | D:4      | XOM: confuse monster(s)
  3071 | D:4      | Killed a phantom
  3071 | D:4      | Reached XP level 6. HP: 47/47 MP: 6/6
  3164 | D:4      | Noticed Denreik's ghost (amateur FoAK)
  3469 | D:4      | XOM: medium Tmut miscast
  3477 | D:4      | XOM: noise
  3717 | D:4      | Found a deep blue altar of Sif Muna.
  3798 | D:4      | XOM: stat loss: -1 Int (11/12)
  4057 | D:4      | XOM: confuse monster(s)
  4072 | D:4      | XOM: stat loss: -1 Str (14/15)
  4141 | D:4      | Killed Denreik's ghost
  4141 | D:4      | Reached skill level 6 in Polearms
  4154 | D:4      | XOM: summons 3 hostile demons
  4256 | D:4      | XOM: harmless Tmut miscast
  4258 | D:4      | Noticed an ice beast
  4258 | D:4      | an ogre changed into an ice beast
  4258 | D:4      | XOM: polymorph ogre -> ice beast
  4260 | D:4      | XOM: enchant monster (bad)
  4278 | D:4      | Noticed an orb spider
  4278 | D:4      | an ice beast changed into an orb spider
  4278 | D:4      | XOM: polymorph ice beast -> orb spider
  4288 | D:4      | Killed an orb spider
  4288 | D:4      | Reached skill level 7 in Polearms
  4288 | D:4      | Reached XP level 7. HP: 22/52 MP: 7/7
  4702 | D:4      | Reached XP level 8. HP: 37/58 MP: 8/8
  4799 | D:5      | Entered Level 5 of the Dungeon
  4811 | D:5      | XOM: mild Hex miscast
  5037 | D:5      | Found a staircase to the Ecumenical Temple.
  5046 | Temple   | Entered the Ecumenical Temple
  5312 | D:5      | Found a shadowy altar of Dithmenos.
  5315 | D:5      | Found a glowing silver altar of Zin.
  5317 | D:5      | Found a basalt altar of Yredelemnul.
  5399 | D:5      | Reached skill level 8 in Polearms
  5426 | D:5      | Found a radiant altar of Vehumet.
  5446 | D:5      | Got a brightly glowing chain mail
  5457 | D:5      | Identified the +8 chain mail of Gesk {rC+ Regen+} (You found it on level 5 of the Dungeon)
  5776 | D:6      | XOM: summons 2 hostile demons
  5818 | D:6      | Killed Terence
  5855 | D:6      | Noticed Eustachio
  5855 | D:6      | XOM: enchant monster (good)
  5912 | D:6      | Killed Eustachio
  5912 | D:6      | Reached skill level 9 in Polearms
  5924 | D:6      | XOM: divination: detect items
  6033 | D:6      | XOM: harmless Chrm miscast
  6125 | D:6      | Reached XP level 9. HP: 60/63 MP: 9/9
  6213 | D:6      | Reached skill level 10 in Polearms
  6229 | D:6      | XOM: polymorph leopard gecko -> river rat
  6291 | D:6      | XOM: noise
  6416 | D:7      | Found a shattered altar of Ashenzari.
  6526 | D:7      | Found a sand-covered staircase.
  6545 | Ossuary  | Entered an ossuary
  6631 | Ossuary  | XOM: cast spell 'Metabolic Englaciation'
  6704 | Ossuary  | XOM: enchant monster (good)
  6805 | D:7      | Found a sparkling altar of Nemelex Xobeh.
  6910 | D:7      | XOM: cloud trail
  7039 | D:7      | XOM: summons 5 friendly demons
  7239 | D:8      | Found a white marble altar of Elyvilon.
  7243 | D:8      | XOM: summons 4 friendly demons
  7300 | D:8      | Noticed a two-headed ogre
  7309 | D:8      | XOM: medium Ice miscast
  7322 | D:8      | XOM: cast spell 'Olgreb's Toxic Radiance'
  7329 | D:8      | XOM: butterfly on damage
  7346 | D:7      | HP: 2/63 [two-headed ogre/giant club (11)]
  7348 | D:7      | Killed a two-headed ogre
  7348 | D:7      | Reached skill level 11 in Polearms
  7365 | D:7      | XOM: silly message
  7495 | D:8      | XOM: harmless Tmut miscast
  7892 | D:8      | XOM: harmless Chrm miscast
  7995 | D:9      | XOM: confuse monster(s)
  8005 | D:9      | Reached XP level 10. HP: 64/70 MP: 10/10
  8012 | D:9      | XOM: cast spell 'Shadow Creatures'
  8142 | D:9      | XOM: medium Necr miscast
  8183 | D:9      | Reached skill level 12 in Polearms
  8211 | D:9      | XOM: 1-stop teleportation journey
  8266 | D:9      | XOM: scenery: create altars
  8274 | D:9      | XOM: divination: detect creatures
  8297 | D:9      | XOM: destruction
  8321 | D:9      | XOM: confuse monster(s)
  8568 | D:9      | Noticed Denreik's ghost (weakling FoAK)
  8604 | D:9      | Killed Denreik's ghost
  8788 | D:9      | Found Xem Coic's Assorted Antiques.
  8797 | D:9      | Bought a scroll labeled ESTOUH KIACK for 23 gold pieces
  8797 | D:9      | Bought a scroll labeled SOCOBYEBLO for 23 gold pieces
  8797 | D:9      | Bought a runed bone amulet for 115 gold pieces
  8797 | D:9      | Bought a scroll of identify for 46 gold pieces
  9053 | D:9      | XOM: summons 3 hostile shadow creatures
  9099 | D:9      | XOM: harmless Summ miscast
  9206 | D:9      | Found an iron altar of Okawaru.
  9208 | D:9      | Noticed a two-headed ogre
  9232 | D:9      | Killed a two-headed ogre
  9232 | D:9      | Reached skill level 13 in Polearms
  9365 | D:9      | XOM: noise
  9518 | D:10     | Entered Level 10 of the Dungeon
  9541 | D:10     | XOM: harmless Tmut miscast
  9661 | D:10     | Found a staircase to the Lair.
  9676 | D:10     | Noticed Josephine
  9741 | D:10     | Reached XP level 11. HP: 75/75 MP: 11/11
  9829 | D:10     | XOM: swap monsters
  9870 | D:10     | Found a roughly hewn altar of Beogh.
  9921 | D:9      | XOM: chaos cloud
 10055 | D:10     | XOM: chaos upgrade
 10127 | D:10     | XOM: harmless Fire miscast
 10173 | D:10     | XOM: 1-stop teleportation journey
 10181 | D:10     | XOM: enchant monster (bad)
 10261 | D:10     | XOM: harmless Tloc miscast
 10447 | D:8      | XOM: summons 5 hostile demons
 10656 | D:8      | XOM: summons friendly quasit
 10724 | D:10     | Noticed a centaur warrior
 10764 | D:10     | XOM: smoke on damage
 10805 | D:10     | XOM: chaos cloud
 10806 | Lair:1   | Entered Level 1 of the Lair of Beasts
 10898 | Lair:1   | You fall through a shaft!
 10898 | Lair:2   | Noticed Urug
 10987 | Lair:2   | XOM: confusion
 11005 | Lair:2   | Found a labyrinth entrance.
 11012 | Lab      | Entered a labyrinth
 11148 | Lab      | XOM: silly message
 11152 | Lab      | XOM: summons 4 hostile demons
 11229 | Lab      | XOM: confuse monster(s)
 11231 | Lab      | XOM: potion effect (agility)
 11271 | Lab      | Reached skill level 14 in Polearms
 11273 | Lab      | Got a slimy chain mail
 11286 | Lab      | Identified the +4 chain mail of Xyehuot {rC+ MP+9 Int-2} (You found it in a labyrinth)
 11328 | Lab      | XOM: enchant monster (good)
 11533 | Lab      | XOM: harmless Pois miscast
 11746 | Lab      | XOM: potion effect (haste)
 11755 | Lab      | Noticed a minotaur
 11767 | Lab      | XOM: divination: magic mapping
 11783 | Lab      | Killed a minotaur
 11826 | Lab      | Identified Lunouhe's Catalogue of Bewitching Black Rites
 11866 | Lair:2   | XOM: potion effect (brilliance)
 11932 | Lair:1   | Learned a level 1 spell: Animate Skeleton
 11981 | Lair:1   | XOM: harmless Fire miscast
 11984 | Lair:1   | XOM: cast spell 'Cause Fear'
 12108 | Lair:1   | Got a smoking falchion
 12126 | Lair:1   | Noticed Harold
 12206 | Lair:2   | XOM: mild Ice miscast
 12219 | Lair:2   | XOM: summons 2 friendly demons
 12223 | Lair:2   | XOM: summons 5 hostile demons
 12225 | Lair:2   | XOM: polymorph crimson imp -> iron imp
 12496 | Lair:1   | Reached skill level 15 in Polearms
 12500 | Lair:1   | XOM: confusion
 12531 | Lair:1   | XOM: swap monsters
 12588 | Lair:2   | Identified the +9 falchion "Vib Liaw" {venom, rC++ rN+} (You found it on level 1 of the Lair of Beasts)
 12608 | Lair:2   | Reached XP level 12. HP: 78/81 MP: 12/12
 12613 | Lair:2   | XOM: severe Fire miscast
 12669 | Lair:3   | Found a hole to the Spider Nest.
 12864 | Lair:3   | XOM: harmless Pois miscast
 12867 | Lair:3   | XOM: cleaving
 12869 | Lair:3   | XOM: enchant monster (bad)
 12875 | Lair:3   | Reached skill level 5 in Armour
 12903 | Lair:3   | XOM: medium Ice miscast
 13031 | Lair:3   | XOM: medium Air miscast
 13172 | Lair:3   | XOM: 2-stop teleportation journey
 13200 | Lair:3   | XOM: stat loss: -1 Int (11/12)
 13213 | Lair:3   | XOM: medium Erth miscast
 13262 | Lair:3   | XOM: summons 3 hostile shadow creatures
 13739 | Lair:4   | XOM: swap monsters
 13748 | Lair:4   | Reached skill level 1 in Evocations
 14028 | Lair:4   | XOM: summons friendly quasit
 14032 | Lair:4   | XOM: 3-stop teleportation journey
 14049 | Lair:4   | XOM: divine lightning
 14370 | Lair:5   | XOM: divination: detect items
 14375 | Lair:5   | XOM: cast spell 'Summon Butterflies'
 14398 | Lair:5   | Reached skill level 5 in Evocations
 14424 | Lair:5   | XOM: mild Erth miscast
 14428 | Lair:5   | XOM: polymorph fire bat -> hornet
 14444 | Lair:5   | Found a dark tunnel.
 14498 | Volcano  | Entered a volcano
 14676 | Volcano  | XOM: 2-stop teleportation journey
 14722 | Volcano  | XOM: harmless Conj miscast
 14748 | Volcano  | XOM: polymorph lava snake -> swamp drake
 14892 | Volcano  | XOM: polymorph fire bat -> naga
 14928 | Volcano  | XOM: harmless Ice miscast
 15035 | Volcano  | Noticed a stone giant
 15060 | Volcano  | XOM: butterfly on damage
 15079 | Volcano  | XOM: harmless Fire miscast
 15100 | Volcano  | XOM: fog
 15122 | Volcano  | XOM: medium Chrm miscast
 15150 | Volcano  | XOM: fake destruction
 15200 | Lair:5   | Noticed a four-headed hydra
 15203 | Lair:5   | XOM: 2-stop teleportation journey
 15287 | Lair:5   | XOM: cleaving
 15326 | Lair:5   | Gained mutation: You are in touch with the powers of death. [Mummy growth]
 15326 | Lair:5   | Reached XP level 13. HP: 69/86 MP: 16/16
 15538 | Lair:5   | XOM: potion effect (invisibility)
 15540 | Lair:5   | XOM: medium Summ miscast
 15563 | Lair:5   | Reached skill level 16 in Polearms
 15566 | Lair:5   | XOM: summons 9 friendly demons
 15655 | Lair:5   | Got a pitted dagger
 15662 | Lair:5   | Identified Neisus's Almanac of Glacial Transmutation
 15686 | Lair:5   | XOM: scenery: create altars
 15688 | Lair:5   | Identified the +4 dagger of Tehatyuv {flame, rPois rF+ Int+4} (You found it on level 5 of the Lair of Beasts)
 15718 | Lair:5   | Found a staircase to the Slime Pits.
 15970 | Lair:5   | XOM: summons 13 friendly demons
 16041 | Lair:6   | Entered Level 6 of the Lair of Beasts
 16060 | Lair:6   | Noticed Nessos
 16179 | Lair:6   | XOM: confuse monster(s)
 16278 | Lair:6   | XOM: fake destruction
 16280 | Lair:6   | XOM: enchant monster (good)
 16513 | Lair:6   | XOM: polymorph wolf -> boggart
 16517 | Lair:6   | XOM: blink monster(s)
 16522 | Lair:6   | XOM: harmless Erth miscast
 16523 | Lair:6   | XOM: noise
 16566 | Lair:6   | XOM: enchant monster (good)
 16627 | Lair:6   | XOM: mild Fire miscast
 16824 | Lair:6   | XOM: potion effect (might)
 16832 | Lair:6   | XOM: enchant monster (good)
 16838 | Lair:6   | Killed Nessos
 16970 | Lair:6   | XOM: harmless Hex miscast
 16975 | Lair:6   | XOM: mild Tloc miscast
 16993 | Lair:6   | XOM: 2-stop teleportation journey
 17001 | Lair:6   | XOM: divination: detect creatures
 17036 | Lair:6   | XOM: summons 4 friendly demons
 17086 | Lair:6   | XOM: swap monsters
 17089 | Lair:6   | XOM: chaos upgrade
 17155 | Lair:6   | XOM: cloud trail
 17236 | Lair:6   | Got an ancient quarterstaff
 17237 | Lair:6   | Identified the cursed +0 quarterstaff of Starshine {drain, *Contam Str+5} (You found it on level 6 of the Lair of Beasts)
 17300 | Lair:6   | XOM: mild Fire miscast
 17378 | Lair:6   | Reached skill level 5 in Fighting
 17456 | Lair:6   | Reached XP level 14. HP: 76/98 MP: 20/20
 17784 | Lair:6   | XOM: severe Tmut miscast
 17872 | Lair:6   | XOM: scenery: create altars
 17926 | Lair:6   | XOM: polymorph wolf -> jelly
 18258 | Lair:2   | XOM: god gift: 19 stones
 18336 | Lair:2   | Found a staircase to the Swamp.
 18591 | Lair:2   | Noticed Urug
 18591 | Lair:2   | Urug changed into Urug the redback
 18599 | Lair:2   | Killed Urug the redback
 18794 | Lair:1   | Found a snail-covered altar of Cheibriados.
 18794 | Lair:1   | XOM: noise
 18898 | Lair:1   | XOM: confuse monster(s)
 18949 | Lair:1   | XOM: medium Tloc miscast
 19260 | Lair:1   | Killed Harold
 19281 | Lair:1   | XOM: mild Tmut miscast
 19503 | D:10     | XOM: harmless Conj miscast
 19636 | D:10     | XOM: mild Pois miscast
 19738 | D:10     | XOM: repel stairs
 19743 | D:10     | Killed Josephine
 19752 | D:10     | XOM: enchant monster (good)
 19764 | D:10     | XOM: divination: detect creatures
 19947 | D:11     | XOM: medium Chrm miscast
 19977 | D:11     | XOM is BORED!
 19977 | D:11     | XOM: 2-stop teleportation journey
 20227 | D:11     | XOM: destruction
 20238 | D:11     | XOM: blink monster(s)
 20324 | D:11     | XOM: mild Necr miscast
 20503 | D:11     | Found a staircase to the Orcish Mines.
 20718 | D:12     | Noticed Psyche
 20718 | D:12     | XOM: summons 1 hostile shadow creature
 20749 | D:12     | Killed Psyche
 20901 | D:12     | XOM: summons 2 hostile shadow creatures
 20920 | D:12     | XOM: polymorph hippogriff -> swamp dragon
 20956 | D:12     | Found Lotziunk's Antique Armour Boutique.
 20966 | D:12     | Bought a pair of embroidered boots for 150 gold pieces
 21202 | D:12     | XOM: divination: magic mapping
 21351 | D:12     | Reached skill level 10 in Evocations
 21657 | D:13     | XOM is BORED!
 21657 | D:13     | XOM: medium Summ miscast
 21709 | D:13     | XOM: divination: magic mapping
 21797 | D:13     | Noticed dricus's ghost (novice MiBe)
 21818 | D:13     | Killed dricus's ghost
 21902 | D:13     | Noticed Frances
 22017 | D:13     | XOM: noise
 22168 | D:13     | XOM: summons 14 friendly demons
 22182 | D:13     | Killed Frances
 22303 | D:13     | XOM: scenery: create altars
 22386 | D:14     | XOM: noise
 22452 | D:14     | XOM: noise
 22483 | D:14     | Killed from afar by a deep elf mage

Vault maps used:
D:1:      elethiomel_arrival_quiet
D:2:      lemuel_doored_altar
D:3:      first_bread, lemuel_angel_altar, uniq_terence
D:4:      lemuel_coloured_pillars_altar
D:5:      vehumet_crystals, grunt_temple_overflow_open,
          minmay_temple_entry_junction_2
D:6:      uniq_eustachio
D:7:      overflow_temple_1_default, nemelex_xobeh_ov_fountains_minmay,
          nicolae_ossuary_entry_ruins
D:8:      basic_altar, minivault_5
D:9:      old_standard_altar, serial_ice, serial_ice_g, serial_ice_k,
          serial_ice_b, serial_ice_d, serial_ice_o, serial_shops, shop,
          hangedman_fish_farm, nicolae_underground_beach
D:10:     minmay_lair_entry_lava, uniq_josephine
D:11:     david_orc_1_choice, kennysheep_generic_room_10
D:12:     serial_shops, shop_fountains, uniq_psyche
D:13:     uniq_frances
D:14:     hangedman_vaults_entry_quadrant_bands, serial_glass, glass_columns_b,
          glass_columns_c, glass_columns_a, glass_columns_a, spider_trap
Temple:   cyrus_circular_temple
Lair:1:   kennysheep_snail_temple, serial_bayou_shore_b, uniq_harold
Lair:2:   minmay_swamp_entry_swarm, lab_entry_generic, uniq_urug
Lair:3:   spider_nest_entry_webs, serial_bayou_shore_b
Lair:4:   pond
Lair:5:   dpeg_slime_entry_corner, nicolae_volcano_entry_batcave,
          lemuel_fruit_tree, grunt_megastairs_4
Lair:6:   minmay_lair_end_enchanted_forest, grunt_forest_large_clearing_hut,
          uniq_nessos
Lab:      nicolae_lab_hexagon, labyrinth_skeletal_remains, nicolae_lab_do_over,
          labyrinth_lava_lair, lab_statue, nicolae_lab_dead_end, lab_fountain,
          nicolae_lab_lava, nicolae_lab_arrow, nicolae_lab_stuck,
          nicolae_lab_t_cross
Ossuary:  ossuary_tomb_2
Volcano:  volcano_grotto

Skill      XL: |  1  2  3  4  5  6  7  8  9 10 11 12 13 14 |
---------------+-------------------------------------------+-----
Polearms       | 3 4 5 7 9 11 13 15 16 | 16.4
Stealth        | 1 2 3 |  3.3
Armour         | 3 6 8 |  8.3
Evocations     | 5 8 11 | 11.1
Fighting       | 5 6 |  6.4
Dodging        | |  0.7

Action                   |  1- 3 |  4- 6 |  7- 9 | 10-12 | 13-15 || total
-------------------------+-------+-------+-------+-------+-------++-------
Melee: Spear             |   138 |   261 |   109 |       |       ||   508
       Trident           |       |     4 |   545 |   487 |       ||  1036
       Quarterstaff      |       |     4 |       |       |       ||     4
       Halberd           |       |       |       |   928 |  1361 ||  2289
       Glaive            |       |       |       |    91 |       ||    91
       Broad axe         |       |       |       |     3 |    17 ||    20
       Dagger            |       |       |       |       |     1 ||     1
 Fire: Shortbow          |       |       |       |     5 |       ||     5
Throw: Stone             |       |    34 |    10 |     4 |       ||    48
       Tomahawk          |       |       |       |     2 |       ||     2
       Throwing net      |       |       |       |       |     1 ||     1
Evoke: Wand              |       |       |     1 |    42 |    62 ||   105
       Lightning rod     |       |       |       |     4 |     8 ||    12
  Use: Scroll            |       |     3 |     9 |    20 |    12 ||    44
 Stab: Sleeping          |     1 |     1 |       |       |       ||     2
       Paralysed         |       |     2 |       |       |     1 ||     3
       Confused          |       |     2 |     3 |    12 |    16 ||    33
       Petrifying        |       |       |     2 |       |     1 ||     3
       Distracted        |       |       |       |     3 |       ||     3
       Invisible         |       |       |       |       |    12 ||    12
       Petrified         |       |       |       |       |     7 ||     7
       Held in net/web   |       |       |       |       |     1 ||     1
Armor: Leather armour    |    36 |    59 |    24 |       |       ||   119
       Chain mail        |       |       |   254 |   712 |   623 ||  1589
Dodge: Dodged            |    49 |    71 |   143 |   376 |   287 ||   926
Block: Other             |       |       |       |   269 |   227 ||   496
       Reflection        |       |       |       |     9 |    25 ||    34
